AoeStats
← JamesdoXD3

Arena

510194865Analyzed
1v1 RM · 4d ago on Sep 29, 2026· 18m 40s· 2 players
Game mode
Random Map
Map size
Tiny (2 player)
Population
200
Speed
Normal
Resources
Standard
Victory
Conquest
Starting age
Dark Age
Ending age
Imperial Age
RankedLock teamsTeams togetherTeam positionsShared explorationLock speedFull tech treeHidden civsTurbo modeCheats
Victory
Defeat
🇦🇷 Vietnamese · Argentina
1219
+17
🇨🇴 Aztecs · Colombia
1239
-17
Emma AoE
9:58 Feudal Age
14:32 Castle Age
12:33 Loom
13:04 Double-Bit Axe
JamesdoXD3
4:04 Loom
10:13 Feudal Age
10:47 Double-Bit Axe
15:36 Castle Age
14:20 Horse Collar
16:31 Bow Saw
Connection lost

Rejoining the realm…

Still unreachable

The connection could not be restored.

Session expired

The server has moved on; the page needs a fresh start.